 Dungeon Crawl Stone Soup version 0.29.1-1-gd02db6906a (webtiles) character file.

Game seed: 9847577839035574523

8566 EvilAshe the Carver (level 11, -3/90 HPs)
             Began as a Human Fighter on Sept 26, 2022.
             Was an Initiate of the Shining One.
             Slain by a two-headed ogre
             ... wielding a +0 giant club
              (16 damage)
             ... on level 10 of the Dungeon on Sept 27, 2022.
             The game lasted 00:34:58 (17650 turns).

EvilAshe the Carver (Human Fighter)                Turns: 17650, Time: 00:34:59

Health: -3/90      AC: 18    Str: 21    XL:     11   Next: 58%
Magic:  0/11       EV:  7    Int: 12    God:    the Shining One [......]
Gold:   432        SH:  4    Dex: 12    Spells: 10/10 levels left

rFire   . . .      SeeInvis .   d - +0 double sword (holy)
rCold   . . .      Faith    .   c - +0 buckler
rNeg    + + .      Spirit   +   r - +0 chain mail
rPois   .          Reflect  .   y - +1 helmet {Int+3}
rElec   .          Harm     .   (no cloak)
rCorr   .          Rampage  .   i - +2 pair of gloves
Will    .....                   w - +0 pair of boots
Stlth   ..........              A - amulet of guardian spirit
HPRegen 0.25/turn               B - ring of positive energy
MPRegen 0.12/turn               b - ring of positive energy

@: glowing, studying Ranged Weapons
A: no striking features
a: Renounce Religion


You were on level 10 of the Dungeon.
You worshipped the Shining One.
The Shining One was noncommittal.
You visited 2 branches of the dungeon, and saw 12 of its levels.
You also visited: Sewer.

You collected 432 gold pieces.

Inventory:

Hand Weapons
 a - a +0 long sword
 d - a +0 double sword of holy wrath (weapon)
 f - a +0 long sword of holy wrath
Missiles
 h - 6 curare-tipped darts
 m - 11 poisoned darts (quivered)
 t - a throwing net
Armour
 c - a +0 buckler (worn)
 i - a +2 pair of gloves (worn)
 r - a +0 chain mail (worn)
 w - a +0 pair of boots (worn)
 y - a +1 helmet of intelligence (worn)
Jewellery
 b - a ring of positive energy (right hand)
 j - a ring of flight
 o - a ring of ice
 A - an amulet of guardian spirit (around neck)
 B - a ring of positive energy (left hand)
Wands
 x - a wand of flame (9)
 E - a wand of polymorph (3)
 H - a wand of acid (3)
 I - a wand of iceblast (5)
Scrolls
 e - a scroll of enchant armour
 n - a scroll of summoning
 p - a scroll of fog
 q - 2 scrolls of enchant weapon
 u - a scroll of fear
 v - 2 scrolls of vulnerability
 D - 3 scrolls of poison
 F - a scroll of immolation {unknown}
 G - 2 scrolls of teleportation
Potions
 g - a potion of mutation
 k - a potion of cancellation
 l - 4 potions of brilliance
 s - 5 potions of curing
Miscellaneous
 z - a tin of tremorstones (inert)


   Skills:
 + Level 9.9 Fighting
 * Level 13.2 Long Blades
 + Level 9.8 Armour
 - Level 3.0 Shields


You had 10 spell levels left.
You didn't know any spells.
Your spell library contained the following spells:

 Spells                   Type           Power      Damage    Failure   Level
 Static Discharge         Conj/Air       0%         3-3/arc   99%         2
 Ignite Poison            Fire/Tmut/Pois 0%         N/A       100%        3
 Mephitic Cloud           Conj/Pois/Air  0%         N/A       100%        3
 Petrify                  Tmut/Erth      0%         N/A       100%        4
 Summon Ice Beast         Ice/Summ       0%         N/A       100%        4
 Freezing Cloud           Conj/Ice/Air   0%         6-21      100%        5
 Lightning Bolt           Conj/Air       0%         1d11      100%        5
 Metabolic Englaciation   Hex/Ice        0%         N/A       100%        5
 Summon Mana Viper        Hex/Summ       0%         N/A       100%        5
 Statue Form              Tmut/Erth      0%         N/A       100%        6
 Monstrous Menagerie      Summ           0%         N/A       100%        7
 Maxwell's Capacitive Co  Air            0%         ∞         100%        8


Dungeon Overview and Level Annotations

Branches:
Dungeon (11/15)            Temple (1/1) D:7            Lair (0/5) D:8
  Sewer (visited)
    Orc: D:9-12

Altars:
Ashenzari
Dithmenos
Fedhas
Gozag
Hepliaklqana
Nemelex Xobeh
Qazlal
Trog
Uskayaw
Vehumet
The Shining One

Annotations:
D:4 3 runed translucent doors, t4s4d4r's ghost, amateur DsFi
D:5 Eustachio; Grinder
D:8 exclusions: ice statue and obsidian statue


Message History

The poisoned dart hits the two-headed ogre.
The two-headed ogre looks even sicker.
Throw: 13 darts (poison)
Press: ? - help, Q - select action, (/) - cycle Shift-Dir - straight line, f/p - two-headed ogre
Aim: a two-headed ogre, wielding a +0 giant club and a +0 dire flail (very poisoned, 76% to hit)
You throw a poisoned dart.
The poisoned dart hits the two-headed ogre.
Throw: 12 darts (poison)
Press: ? - help, Q - select action, (/) - cycle Shift-Dir - straight line, f/p - two-headed ogre
Aim: a two-headed ogre, wielding a +0 giant club and a +0 dire flail (very poisoned, 76% to hit)
You throw a poisoned dart.
The poisoned dart hits the two-headed ogre.
The two-headed ogre looks even sicker.
You hit the two-headed ogre but do no damage.
The two-headed ogre hits you with a +0 giant club!!
The two-headed ogre hits you with a +0 dire flail.
You slash the two-headed ogre!
The two-headed ogre is lightly wounded.
The two-headed ogre hits you with a +0 giant club!
The two-headed ogre hits you with a +0 dire flail!
You slash the two-headed ogre!
The two-headed ogre is moderately wounded.
You hit the two-headed ogre.
The two-headed ogre is moderately wounded.
The two-headed ogre hits you with a +0 giant club.
The two-headed ogre hits you with a +0 dire flail!
You slash the two-headed ogre!
The two-headed ogre is heavily wounded.
You hit the two-headed ogre.
The two-headed ogre is severely wounded.
The two-headed ogre hits you with a +0 giant club!
* * * LOW HITPOINT WARNING * * *
The two-headed ogre hits you with a +0 dire flail.
* * * LOW HITPOINT WARNING * * *
You slash the two-headed ogre!
The two-headed ogre is almost dead.
The two-headed ogre hits you with a +0 giant club.
* * * LOW HITPOINT WARNING * * *
The two-headed ogre hits you with a +0 dire flail!!
You die...

#......##.......##....
#.....................
#....................#
#.#.....#........##..#
#.#..#..#........##..#
#....................#
#.....################
#..##.# #......
#..##@# #......
#....O# #......
#...(.################
#..(...............# #
#..(.....<#...#..#.# #
#..(........O.#..#.# #
#.............#..#.# #
#.(................# #
#...######...Oc...## #


You could see a two-headed ogre (very poisoned).

Vanquished Creatures
  Harold (D:9)
  2 two-headed ogres
  Joseph (D:8)
  A hornet (D:10)
  A troll (D:9)
  Prince Ribbit (D:8)
  A shadow (D:9)
  8 yaks
  3 water moccasins
  4 orc warriors
  A black bear (D:8)
  A sky beast (D:7)
  An ice beast (D:7)
  2 ogres (D:4)
  2 centaurs
  A phantom (D:4)
  6 kobold brigands
  2 bullfrogs
  2 scorpions (D:6)
  A necrophage (D:8)
  4 wights
  20 killer bees
  4 electric eels (D:9)
  6 hounds
  4 orc priests
  2 iguanas
  7 orc wizards
  4 gnolls
  9 adders
  4 river rats
  A shadow imp (D:7)
  A white imp (D:6)
  5 worms
  2 dart slugs
  27 orcs
  13 endoplasms
  8 giant cockroaches
  6 goblins
  7 hobgoblins
  5 jackals
  4 quokkas
  15 ball pythons
  5 bats
  4 frilled lizards
  24 kobolds
  7 rats
240 creatures vanquished.

Vanquished Creatures (others)
  An orc (D:9)
  5 kobolds (D:8)
  2 fungi (D:4)
  57 plants
65 creatures vanquished.

Grand Total: 305 creatures vanquished

Notes
Turn   | Place    | Note
-------+----------+-------------------------------------------
     0 | D:1      | EvilAshe the Human Fighter began the quest for the Orb.
     0 | D:1      | Reached XP level 1. HP: 18/18 MP: 1/1
   340 | D:1      | Found a faded altar of an unknown god.
   537 | D:1      | Reached XP level 2. HP: 20/24 MP: 2/2
   965 | D:1      | Reached XP level 3. HP: 27/29 MP: 3/3
  1465 | D:2      | Reached skill level 3 in Long Blades
  1829 | D:2      | Reached XP level 4. HP: 35/35 MP: 4/4
  2086 | D:2      | Identified the +2 buckler of Mari {rElec rPois Will+}
  2614 | D:3      | Reached XP level 5. HP: 42/42 MP: 5/5
  2626 | D:3      | Found a glowing drain.
  2651 | Sewer    | Entered a sewer
  2855 | Sewer    | Noticed a kobold brigand
  2855 | Sewer    | Noticed a kobold brigand
  2865 | Sewer    | Killed a kobold brigand
  2865 | Sewer    | Killed a kobold brigand
  2866 | Sewer    | Reached skill level 4 in Long Blades
  2866 | Sewer    | Reached XP level 6. HP: 12/48 MP: 6/6
  3688 | D:3      | Found an opulent altar of Gozag.
  3714 | D:3      | Reached skill level 5 in Long Blades
  3936 | D:3      | Reached XP level 7. HP: 49/55 MP: 7/7
  3975 | D:3      | Reached skill level 10 in Long Blades
  3975 | D:3      | Reached XP level 8. HP: 68/68 MP: 8/8
  3986 | D:3      | Identified the +1 robe "Barredim" {Int+3}
  4122 | D:3      | Found a faded altar of an unknown god.
  4181 | D:3      | Found a radiant altar of Vehumet.
  4789 | D:4      | Found a blossoming altar of Fedhas.
  4980 | D:4      | Found a stormy altar of Qazlal.
  5435 | D:4      | Found a runed translucent gate.
  5435 | D:4      | Found a runed translucent gate.
  5437 | D:4      | Noticed t4s4d4r's ghost (amateur DsFi)
  5440 | D:4      | Found a runed translucent gate.
  6042 | D:5      | Entered Level 5 of the Dungeon
  6298 | D:5      | Noticed Eustachio
  6409 | D:5      | Noticed Grinder
  6510 | D:6      | Found a hazy altar of Hepliaklqana.
  6665 | D:6      | Found a sparkling altar of Nemelex Xobeh.
  6695 | D:6      | Found a bloodstained altar of Trog.
  6784 | D:6      | Reached XP level 9. HP: 70/74 MP: 9/9
  7487 | D:7      | Reached skill level 11 in Long Blades
  8554 | D:7      | Found a staircase to the Ecumenical Temple.
  9334 | Temple   | Entered the Ecumenical Temple
  9345 | Temple   | Became a worshipper of the Shining One
  9631 | D:8      | Noticed an ice statue
  9687 | D:8      | Found a staircase to the Lair.
  9855 | D:8      | Noticed Joseph
  9906 | D:8      | Killed Joseph
  9907 | D:8      | Reached XP level 10. HP: 57/82 MP: 8/10
 10119 | D:8      | Noticed an obsidian statue
 10250 | D:8      | Noticed Prince Ribbit
 10259 | D:8      | Noticed Psyche
 10600 | D:8      | Killed Prince Ribbit
 10899 | D:9      | Noticed Harold
 11149 | D:8      | Noticed Psyche
 11149 | D:8      | Psyche changed into Psyche the black bear
 11160 | D:8      | Killed Psyche the black bear
 11893 | D:9      | Reached skill level 12 in Long Blades
 13632 | D:10     | Entered Level 10 of the Dungeon
 13632 | D:10     | Noticed a two-headed ogre
 13744 | D:10     | Noticed a two-headed ogre
 14467 | D:9      | Killed Harold
 14468 | D:9      | Reached XP level 11. HP: 48/89 MP: 8/11
 14775 | D:10     | Noticed a two-headed ogre
 15006 | D:9      | Found a broken altar of Ashenzari.
 16694 | D:11     | Noticed a two-headed ogre
 16718 | D:11     | Killed a two-headed ogre
 16719 | D:11     | Reached skill level 13 in Long Blades
 17020 | D:11     | Identified 2 scrolls of acquirement
 17030 | D:11     | Acquired a +0 double sword of holy wrath
 17033 | D:11     | Acquired a +1 helmet of intelligence
 17346 | D:10     | Killed a two-headed ogre
 17650 | D:10     | Slain by a two-headed ogre

Illustrated notes

Levels and vault maps discovered:
D:1:      onia_arrival_handbag, layout_basic,
          hellmonk_ecumenical_altar_heavens_door
D:2:      layout_loops_corners, nicolae_wormholes
D:3:      minmay_bubble_buster, layout_loops_ring,
          nicolae_overflow_ecumenical_swirl, nicolae_overflow_hidden_temple,
          gup_sewer_entry_spiral, hangedman_decor_points,
          hangedman_decor_opposing
D:4:      layout_loops_corners, mainiacjoe_overflow_six_doors_small,
          fedhas_altar_1, gammafunk_ghost_nasty_kobolds, minmay_misc_feat_tower
D:5:      layout_gridville, mainiacjoe_overflow_alcove_4, uniq_eustachio,
          uniq_grinder
D:6:      layout_cave_pools, trog_hazing_becter,
          mainiacjoe_overflow_surrounded_room, mainiacjoe_overflow_boulevard,
          serial_co_window_serial, co_window_paths_a, co_window_paths_a,
          co_window_corner_a, co_window_corner_a, co_window_cross_1,
          co_window_of_opportunity_a, co_window_corner_a,
          co_window_of_opportunity_b, co_window_of_opportunity_b,
          co_window_of_opportunity_c, co_window_broadway_b,
          co_window_unsneaky_path_b, co_window_unsneaky_path_a, glass_columns_a,
          glass_columns_a, glass_columns_c
D:7:      layout_basic, minmay_temple_entry_glass
D:8:      minmay_separated_statues, layout_gridville, dpeg_oklobed_lair,
          serial_co_window_serial, co_window_paths_a, co_window_corner_a,
          co_window_paths_a, co_window_of_opportunity_a, co_window_paths_b,
          co_window_corner_b, co_window_broadway_b, co_window_of_opportunity_c,
          co_window_unsneaky_path_e, co_window_cross_4,
          co_window_of_opportunity_b, co_window_4corner_b, glass_columns_b,
          glass_columns_a, glass_columns_b, glass_columns_a, uniq_psyche,
          uniq_joseph, uniq_prince_ribbit1
D:9:      layout_basic, kennysheep_mini, serial_bayou, serial_bayou_ford_a,
          serial_bayou_pond_e, serial_bayou_lagoon_b, serial_bayou_crossing,
          uniq_harold
D:10:     layout_stronghold, minivault_21, hangedman_decor_clover_reticule
D:11:     layout_rooms, erik_orc_1, uniq_josephine
Temple:   nicolae_temple_god_jail

Skill      XL: |  1  2  3  4  5  6  7  8  9 10 11 |
---------------+----------------------------------+-----
Long Blades    | 3 4 5 10 11 12 13 | 13.2
Fighting       | 4 7 8 9 |  9.9
Armour         | 4 7 8 9 |  9.8
Shields        | |  3.0

Action                   |  1- 3 |  4- 6 |  7- 9 | 10-12 || total
-------------------------+-------+-------+-------+-------++-------
Melee: Long sword        |   107 |   194 |   363 |   390 ||  1054
       Double sword      |       |       |       |    45 ||    45
Throw: Dart              |       |       |     5 |    41 ||    46
Evoke: Wand              |       |     4 |     3 |    10 ||    17
       Tin of tremorston |       |       |       |     2 ||     2
  Use: Scroll            |       |     1 |    12 |    12 ||    25
       Potion            |       |     1 |     2 |     5 ||     8
Armor: Scale mail        |    45 |   101 |       |       ||   146
       Chain mail        |       |       |   172 |   168 ||   340
       Skin              |       |       |       |   132 ||   132
Dodge: Dodged            |    37 |    61 |    80 |   127 ||   305
Block: Buckler           |    18 |    47 |    62 |   101 ||   228
